 Dungeon Crawl Stone Soup version 0.31.0-32-g396128a36d (webtiles) character file.

Game seed: 327249617634780739

2632 Dungobob the Cleaver (level 9, -8/71 (78) HPs)
             Began as a Minotaur Fighter on Apr 23, 2024.
             Was a Believer of Trog.
             Killed by divine providence
             ... invoked by Jeremiah
              (13 damage)
             ... on level 6 of the Dungeon.
             The game lasted 00:07:09 (5660 turns).

Dungobob the Cleaver (Minotaur Fighter)             Turns: 5660, Time: 00:07:09

HP:   -8/71 (78)    AC: 12    Str: 24      XL:     9   Next: 35%
MP:   8/8           EV:  9    Int:  5      God:    Trog [**....]
Gold: 397           SH:  5    Dex: 10 (11) Spells: 8/8 levels left

rFire   . . .        a - +0 war axe
rCold   . . .        c - +0 buckler
rNeg    . . .        n - +0 chain mail
rPois   .            (helmet restricted)
rElec   .            w - scarf {harm}
rCorr   +            f - +0 pair of gloves
SInv    .            (no boots)
Will    ++...        (no amulet) Stlth
                     k - ring of resist corrosion
HPRegen 1.31/turn    (no ring)
MPRegen 0.11/turn

%: harm (+30% outgoing, +20% incoming)
@: strong-willed (expiring), on berserk cooldown, regenerating (expiring),
hasted and slowed, drained
A: horns 2, retaliatory headbutt, deterioration 1
a: Renounce Religion, Berserk, Trog's Hand


You were on level 6 of the Dungeon.
You worshipped Trog.
Trog was pleased with you.
You visited 2 branches of the dungeon, and saw 7 of its levels.

You collected 397 gold pieces.

Inventory:

Hand Weapons
 a - a +0 war axe (weapon)
Armour
 c - a +0 buckler (worn)
 d - a +0 cloak
 f - a +0 pair of gloves (worn)
 n - a +0 chain mail (worn)
 w - a scarf of harm (worn)
Jewellery
 k - a ring of resist corrosion (left hand)
Wands
 t - a wand of mindburst (16)
 u - a wand of flame (19)
 y - a wand of quicksilver (9)
 z - a wand of iceblast (10)
Scrolls
 g - a scroll of enchant armour {unknown}
 j - a scroll of revelation {unknown}
 l - a scroll of vulnerability {unknown}
 m - 2 scrolls of teleportation
 p - a scroll of butterflies {unknown}
 q - a scroll of noise {unknown}
 s - 2 scrolls of poison
 v - a scroll of amnesia {unknown}
Potions
 h - a potion of enlightenment
 i - a potion of lignification
 o - a potion of heal wounds {unknown}
 x - a potion of berserk rage {unknown}


   Skills:
 + Level 6.9 Fighting
 + Level 10.8 Axes
 + Level 8.2 Armour
 + Level 3.0 Dodging
 + Level 1.5 Stealth
 + Level 5.2 Shields


You had 8 spell levels left.
You didn't know any spells.
Your spell library was empty.

Dungeon Overview and Level Annotations

Branches:
Dungeon (6/15)             Temple (1/1) D:5

Altars:
Ashenzari
Cheibriados
Fedhas
Gozag
Hepliaklqana
Kikubaaqudgha
Makhleb
Nemelex Xobeh
Okawaru
Qazlal
Ru
Sif Muna
Trog
Uskayaw
Vehumet
Wu Jian
Xom
Yredelemnul

Shops:
D:6 *

Annotations:
D:6 Jeremiah


Innate Abilities, Weirdness & Mutations

You have a pair of horns on your head.
You reflexively headbutt those who attack you in melee.
Your body sometimes deteriorates upon taking damage.


Message History

Your skin crawls.
You feel strong-willed.
A red film seems to cover your vision as you go berserk!
You feel yourself moving faster!
You feel mighty!
You feel a strong urge to attack something.
You feel your anger nearly subside.
You are no longer berserk.
You are exhausted.
You feel yourself slow down.
Jeremiah hits you from afar with a +4 trident of draining.
* * * LOW HITPOINT WARNING * * *
You feel drained.
* * * LOW HITPOINT WARNING * * *
Things that are here:
a +0 halberd; a gnoll corpse You miss the butterfly.
Jeremiah hits you from afar with a +4 trident of draining.
* * * LOW HITPOINT WARNING * * *
You feel drained.
You barely miss the butterfly.
Jeremiah hits you from afar with a +4 trident of draining.
* * * LOW HITPOINT WARNING * * *
You feel drained.
You closely miss the butterfly. Your headbutt misses the butterfly.
Jeremiah hits you from afar with a +4 trident of draining.
* * * LOW HITPOINT WARNING * * *
You feel drained.
* * * LOW HITPOINT WARNING * * *
You slash the butterfly!
You kill the butterfly!
The butterfly disappears in a burst of colours!
Your extra speed is starting to run out.
Jeremiah barely misses you.
You closely miss the butterfly. Your headbutt misses the butterfly.
You feel the effects of Trog's Hand fading.
Jeremiah barely misses you.
You barely miss the butterfly.
Jeremiah lets out a twisted cry.
Something smites you!
You die...
Jeremiah says, "O terrible one, your will is done."

#.###.# #...#
#########.####
.............#
##########.#.#####
#.......# #
###.###.# # #.#
#.# # #.# #@# ..#
#b# ### #F# #b#


.bb .b... ..bb... #..b#.... #..# ..... You could see Jeremiah.

Vanquished Creatures
  Pikel (D:5)
  A troll (D:6)
  Grinder (D:3)
  Sigmund (D:4)
  Edmund (D:6)
  A water moccasin (D:6)
  Duvessa (D:4)
  A black bear (D:4)
  An ice beast (D:5)
  2 lemures (D:5)
  2 phantoms
  Blork the orc (D:5)
  2 scorpions (D:5)
  4 wights (D:6)
  Dowan (D:4)
  A bombardier beetle (D:4)
  3 hounds
  Crazy Yiuf (D:2)
  Ijyb (D:4)
  A sleepcap (D:5)
  2 gnoll boudas (D:6)
  Natasha (twice) (D:3)
  2 iguanas (D:4)
  An orc wizard (D:3)
  7 gnolls (D:6)
  4 adders
  A white imp (D:6)
  A dart slug (D:1)
  A ribbon worm (D:3)
  4 orcs
  5 endoplasms
  A giant cockroach (D:3)
  9 goblins
  5 hobgoblins
  8 jackals
  6 quokkas
  7 ball pythons
  2 bats
  6 frilled lizards
  3 kobolds
  7 rats
112 creatures vanquished.

Notes
Turn   | Place    | Note
-------+----------+-------------------------------------------
     0 | D:1      | Dungobob the Minotaur Fighter began the quest for the Orb.
     0 | D:1      | Reached XP level 1. HP: 19/19 MP: 0/0
   197 | D:1      | Found a faded altar of an unknown god.
   250 | D:1      | Reached XP level 2. HP: 27/27 MP: 1/1
   630 | D:1      | Reached XP level 3. HP: 33/33 MP: 2/2
  1163 | D:2      | Reached skill level 3 in Axes
  1201 | D:2      | Found a bloodstained altar of Trog.
  1221 | D:2      | Became a worshipper of Trog the Wrathful
  1361 | D:2      | Found a runed translucent door.
  1362 | D:2      | Noticed Crazy Yiuf
  1857 | D:2      | Killed Crazy Yiuf
  1858 | D:2      | Reached XP level 4. HP: 23/40 MP: 3/3
  1973 | D:3      | Noticed Grinder
  1995 | D:3      | Killed Grinder
  1996 | D:3      | Reached skill level 5 in Axes
  1996 | D:3      | Reached skill level 5 in Armour
  1996 | D:3      | Reached skill level 1 in Dodging
  1996 | D:3      | Reached XP level 5. HP: 14/47 MP: 4/4
  1996 | D:3      | Reached XP level 6. HP: 16/53 MP: 5/5
  2372 | D:3      | Noticed Natasha
  2377 | D:3      | Killed Natasha
  2445 | D:3      | Reached * piety under Trog
  2660 | D:3      | Noticed Natasha
  2679 | D:3      | Killed Natasha
  2840 | D:3      | Found a basalt altar of Yredelemnul.
  2850 | D:3      | Found a hide-covered altar of Uskayaw.
  3098 | D:4      | Noticed Sigmund
  3106 | D:4      | Killed Sigmund
  3107 | D:4      | Reached skill level 5 in Fighting
  3107 | D:4      | Reached skill level 6 in Axes
  3107 | D:4      | Reached XP level 7. HP: 61/61 MP: 6/6
  3247 | D:4      | Reached skill level 1 in Stealth
  3257 | D:4      | Noticed Ijyb
  3265 | D:4      | Killed Ijyb
  3588 | D:4      | Reached skill level 7 in Axes
  3797 | D:4      | Noticed Duvessa
  3797 | D:4      | Noticed Dowan
  3803 | D:4      | Killed Duvessa
  3805 | D:4      | Killed Dowan
  3989 | D:4      | Reached skill level 8 in Axes
  3989 | D:4      | Reached XP level 8. HP: 67/69 MP: 7/7
  4089 | D:5      | Entered Level 5 of the Dungeon
  4256 | D:5      | Found a staircase to the Ecumenical Temple.
  4290 | D:5      | Identified the +7 spear of Poverty {pain, rC- Str+3 Int+4
                  | SInv}
  4324 | D:5      | Noticed Blork the orc
  4330 | D:5      | Killed Blork the orc
  4390 | Temple   | Entered the Ecumenical Temple
  4443 | D:5      | Found a sparkling altar of Nemelex Xobeh.
  4459 | D:5      | Noticed Pikel
  4472 | D:5      | Killed Pikel
  4472 | D:5      | Reached ** piety under Trog
  4473 | D:5      | Reached skill level 9 in Axes
  4473 | D:5      | Reached skill level 5 in Shields
  5060 | D:6      | Noticed a troll
  5062 | D:6      | Noticed Edmund
  5063 | D:6      | Found Pius's Assorted Antiques.
  5070 | D:6      | Killed Edmund
  5071 | D:6      | Reached skill level 10 in Axes
  5073 | D:6      | Killed a troll
  5074 | D:6      | Reached XP level 9. HP: 68/78 MP: 8/8
  5369 | D:6      | Gained mutation: Your body sometimes deteriorates upon
                  | taking damage. [potion of mutation]
  5583 | D:6      | Noticed Jeremiah
  5657 | D:6      | HP: 3/73 [Jeremiah/+4 trident of draining (7)]
  5657 | D:6      | HP: 1/71 [Jeremiah/+4 trident of draining (2)]
  5660 | D:6      | Killed from afar by Jeremiah

Illustrated notes

Levels and vault maps discovered:
D:1:      elethiomel_arrival_infinity_welcomes_careful_drivers, layout_basic,
          shapermc_ecumenical_altar_starsandcircs
D:2:      layout_loops_cross, basic_altar, uniq_crazy_yiuf_cottage
D:3:      layout_loops_ring, mainiacjoe_overflow_big_doors, minmay_hedge_maze,
          feat_on_display, uniq_grinder, uniq_natasha
D:4:      layout_cave_pods, uniq_sigmund, uniq_duvessa, uniq_ijyb
D:5:      layout_gridville, amcnicky_altar_gilded,
          minmay_temple_entry_stoned_glass, minmay_misc_feat_encased,
          uniq_blork_the_orc, uniq_pikel
D:6:      layout_loops_ring, serial_shops, nicolae_shop_overgrown_old_shop,
          uniq_edmund, uniq_jeremiah
Temple:   eino_wide_crystal_templ

Skill      XL: |  1  2  3  4  5  6  7  8  9 |
---------------+----------------------------+-----
Shields        | 4 5 |  5.2
Fighting       | 4 5 6 |  6.9
Armour         | 4 5 6 7 8 |  8.2
Axes           | 3 5 6 8 10 | 10.8
Dodging        | 1 2 3 |  3.0
Stealth        | 1 |  1.5

Action                     |  1- 3 |  4- 6 |  7- 9 || total
---------------------------+-------+-------+-------++-------
  Melee: War axe           |    87 |    65 |   164 ||   316
         Headbutt          |    14 |     8 |    32 ||    54
 Invoke: Berserk           |       |     1 |     3 ||     4
         Trog's Hand       |       |       |     2 ||     2
    Use: Scroll            |     1 |     1 |     5 ||     7
         Potion            |     1 |       |     3 ||     4
 Armour: Scale mail        |    58 |    35 |    94 ||   187
         Chain mail        |       |       |    39 ||    39
  Dodge: Dodged            |    40 |    21 |    88 ||   149
  Block: Buckler           |    15 |    11 |    30 ||    56
